 Dungeon Crawl Stone Soup version 0.16.2-12-gd0ad4c3 (webtiles) character file.

29 faibistes the Magician (level 3, -1/19 HPs)
             Began as a Deep Elf Wizard on Dec 17, 2017.
             Slain by a giant gecko (3 damage)
             ... on level 2 of the Dungeon.
             The game lasted 00:03:29 (1497 turns).

faibistes the Magician (Deep Elf Wizard)            Turns: 1497, Time: 00:03:29

Health: -1/19      AC:  3    Str:  4    XL:     3   Next: 1%
Magic:  4/13       EV: 13    Int: 23    God:
Gold:   102        SH:  0    Dex: 13    Spells: 5 memorised, 0 levels left

rFire  . . .     SeeInvis .     h - +0 dagger
rCold  . . .     Clarity  .     a - +0 robe
rNeg   . . .     SustAb   .     (no shield)
rPois  .         Gourm    .     b - +0 hat
rElec  .         Spirit   .     (no cloak)
rCorr  .         Warding  .     (no gloves)
rMut   .         Stasis   .     g - +0 pair of boots
MR     +....                    (no amulet)
Stlth  ++........               (no ring)
                                o - ring of protection from magic

@: somewhat resistant to hostile enchantments, unstealthy
A: no striking features
a: no special abilities


You were on level 2 of the Dungeon.
You were hungry.

You visited 1 branch of the dungeon, and saw 2 of its levels.

You collected 102 gold pieces.

Inventory:

Hand weapons
 e - a +0 club
 h - a +0 dagger (weapon)
Armour
 a - a +0 robe (worn)
 b - a +0 hat (worn)
 g - a +0 pair of boots (worn)
Jewellery
 o - a ring of protection from magic (left hand)
Scrolls
 f - a scroll of teleportation {unknown}
 j - a scroll of enchant weapon {unknown}
 l - a scroll of identify {unknown}
 m - 2 scrolls of amnesia {unknown}
 n - a scroll of fear {unknown}
 r - a scroll of fog {unknown}
 s - a scroll of remove curse {unknown}
 t - a scroll of enchant armour {unknown}
Books
 c - a book of Minor Magic

   Spells                             Type                      Level
   a - Magic Dart                     Conjuration                  1
   b - Blink                          Translocation                2
   c - Call Imp                       Summoning                    2
   d - Repel Missiles                 Charms/Air                   2
   e - Slow                           Hexes                        2
   f - Conjure Flame                  Conjuration/Fire             3
   g - Mephitic Cloud                 Conjuration/Poison/Air       3
Comestibles
 d - a bread ration
 i - a meat ration
 k - 2 fruits
 q - a beef jerky


   Skills:
 + Level 2.8 Dodging
 - Level 2.4 Stealth
 * Level 4.8 Spellcasting
 * Level 2.4 Conjurations
 - Level 1.1 Summonings
 - Level 1.1 Translocations


You couldn't memorise any spells.
You knew the following spells:

 Your Spells              Type           Power        Failure   Level  Hunger
a - Magic Dart            Conj           ###.         3%          1    None
b - Conjure Flame         Conj/Fire      ##......     21%         3    ##.....
c - Call Imp              Summ           ##......     12%         2    None
d - Blink                 Tloc           N/A          12%         2    None
e - Mephitic Cloud        Conj/Pois/Air  #.......     21%         3    ##.....


Dungeon Overview and Level Annotations

Branches:
Dungeon (2/15)

Altars:
Ashenzari
Makhleb
Xom

Annotations:
D:2 Sigmund


Message History

Unknown command.
Your magical contamination has completely faded away.
Casting: Mephitic Cloud
Confirm with . or Enter, or press ? or * to list all spells.
Aiming: Magic Dart
Press: ? - help, Shift-Dir - straight line, f - rat
Aim: a rat The magic dart hits the rat.
You kill the rat!
You see here a rat corpse.
You butcher the rat corpse.
You see here a chunk of flesh.
You open the door. Sigmund misses you.
A giant gecko comes into view.
There is an open door here.
The giant gecko bites you.
* * * LOW HITPOINT WARNING * * *
There is a stone staircase leading up here.
The giant gecko bites you.
You die...

#.#.# #.#.# #.#.# #.#.#
#.#.# #.#.#########
####.#.........#
+##....#########.#####
.........# #..l@....#
...(...#.# #.######.#
....)..#.####.##...#.#
......##....#.##.#.#.#
......#####.#.##.#.#.###
......'.@...#@##.......#
......#######.####.#####
........@.....# #.#
############### #.#


You could see a giant gecko.

Vanquished Creatures
  A worm (D:2)
  A bat (D:1)
  2 giant cockroaches (D:1)
  6 goblins (D:1)
  2 hobgoblins
  2 jackals
  2 quokkas (D:2)
  A giant newt (D:1)
  3 rats
20 creatures vanquished.

Vanquished Creatures (others)
  A giant newt (D:2)
1 creature vanquished.

Grand Total: 21 creatures vanquished

Notes
Turn   | Place    | Note
--------------------------------------------------------------
     0 | D:1      | faibistes, the Deep Elf Wizard, began the quest for the Orb.
     0 | D:1      | Reached XP level 1. HP: 10/10 MP: 6/6
   456 | D:1      | Reached XP level 2. HP: 15/15 MP: 7/10
   481 | D:2      | Learned a level 2 spell: Blink
   484 | D:2      | Learned a level 2 spell: Call Imp
   767 | D:1      | Found a shattered altar of Ashenzari.
  1394 | D:2      | Noticed Sigmund
  1421 | D:2      | Found a shimmering altar of Xom.
  1421 | D:2      | Found a burning altar of Makhleb.
  1422 | D:2      | Reached XP level 3. HP: 19/19 MP: 11/13
  1427 | D:2      | Learned a level 3 spell: Conjure Flame
  1431 | D:2      | Learned a level 3 spell: Mephitic Cloud
  1497 | D:2      | Slain by a giant gecko

Action                   || total
-------------------------++-------
Melee: Dagger            ||     8
 Cast: Magic Dart        ||    55
       Conjure Flame     ||     2
       Mephitic Cloud    ||     2
 Stab: Confused          ||     1
  Eat: Chunk             ||     1
